 Dungeon Crawl Stone Soup version 0.30-a0-715-gdb4ae3ece1 (webtiles) character file.

Game seed: 5349531526598111917

44 Hubris850 the Digger (level 4, -2/33 HPs)
             Began as a Meteoran Earth Elementalist on Jan 24, 2023.
             Slain by an orc
             ... wielding a +0 short sword
              (5 damage)
             ... on level 4 of the Dungeon.
             The game lasted 00:05:22 (678 turns).

Hubris850 the Digger (Meteoran Earth Elementalist)   Turns: 678, Time: 00:05:23

Health: -2/33      AC:  3    Str: 10    XL:     4   Next: 8%
Magic:  8/9        EV: 12    Int: 18    God:
Gold:   38         SH:  0    Dex: 14    Spells: 3/9 levels left

rFire   . . .      SeeInvis .    g - +0 short sword
rCold   . . .      Faith    .    (no shield)
rNeg    . . .      Spirit   .    c - +0 leather armour
rPois   .          Reflect  .    (no helmet)
rElec   .          Harm     .    (no cloak)
rCorr   .          Rampage  .    (no gloves)
Will    .....                    (no boots)
Stlth   +                        (no amulet)
HPRegen 0.25/turn                (no ring)
MPRegen 0.11/turn                (no ring)

@: glowing
A: sense surroundings 1, otherworldly, glowing, explore regen
a: no special abilities


You were on level 4 of the Dungeon.
You visited 1 branch of the dungeon, and saw 4 of its levels.

You collected 38 gold pieces.

Inventory:

Hand Weapons
 g - a +0 short sword (weapon)
Armour
 a - a +0 robe
 c - a +0 leather armour (worn)
Scrolls
 d - a scroll of identify
 e - 2 scrolls of teleportation
 f - a scroll of fog
 h - a scroll of enchant weapon
Potions
 b - a potion of magic
 i - 5 potions of curing


   Skills:
 + Level 1.0 Short Blades
 + Level 3.0 Dodging
 - Level 1.4 Stealth
 + Level 3.2 Spellcasting
 + Level 0.2 Conjurations
 + Level 2.0 Transmutations
 + Level 4.0 Earth Magic


You had 3 spell levels left.
You knew the following spells:

 Your Spells              Type           Power      Damage    Failure   Level
a - Sandblast             Erth           34%        2d9       4%          1
b - Passwall              Tmut/Erth      10%        N/A       10%         2
c - Stone Arrow           Conj/Erth      20%        3d8       26%         3

Your spell library contained the following spells:

 Spells                   Type           Power      Damage    Failure   Level
 Petrify                  Tmut/Erth      13%        N/A       52%         4


Dungeon Overview and Level Annotations

Branches:
Dungeon (4/15) Zot: 1711
 Temple: D:4-7

Altars:


Innate Abilities, Weirdness & Mutations

You passively map a small area around you.
You are easily found by Zot.
You glow in the dark.
You regain HP and MP as you explore.


Message History

The orc hits you from afar with a +0 trident.
You hit the orc but do no damage.
The orc is heavily wounded.
The orc hits you with a +0 short sword. The orc misses you.
Your magical contamination has completely faded away.
You hit the orc but do no damage.
The orc is heavily wounded.
The orc misses you. The orc hits you with a +0 short sword.
The orc hits you from afar with a +0 trident.
There is an open door here.
Something hits you.
A goblin comes into view. It is wielding a +0 dagger.
The orc misses you.
You closely miss the orc.
The goblin shouts!
Your punch misses the orc.
The orc is heavily wounded.
You hear a shout!
Something hits you. The orc hits you with a +0 short sword.
You closely miss the orc.
The orc is heavily wounded.
Unknown command.
You closely miss something. Your punch misses something.
The orc hits you but does no damage.
You miss something.
You hear some strange, mumbled words.
A magic dart appears from out of thin air!
The magic dart hits you. The orc barely misses you.
You hit something.
You hear some strange, mumbled words.
A puff of flame appears from out of thin air!
The puff of flame hits you!
* * * LOW HITPOINT WARNING * * *
The orc hits you with a +0 short sword.
* * * LOW HITPOINT WARNING * * *
You closely miss something. You closely miss something.
Your punch misses something. Something hits you but does no damage.
The orc hits you with a +0 short sword.
You die...

..#.......#.........#
..'.......#.........#
.##..##...#.........#
.######...#.......(.#
.....#....#.........#
.....#....#.........#
.....+....#.........#
.#######..#....#+####
.# ,, ####....#@...#
.# #..oOo{..##** * .#
,,, #...W###### ##,,
,, #.........#, ,
#.........# , , ,
#.........# , , ,
*#.........# , , *
............# + , *
.............#


You could see an ogre, a phantom and 2 orcs.

Vanquished Creatures
  A gnoll (D:3)
  An adder (D:2)
  A worm (D:2)
  A dart slug (D:2)
  3 ball pythons
  2 bats (D:2)
  4 endoplasms
  2 goblins (D:1)
  2 hobgoblins
  A quokka (D:2)
18 creatures vanquished.

Notes
Turn   | Place    | Note
-------+----------+-------------------------------------------
     0 | D:1      | Hubris850 the Meteoran Earth Elementalist began the quest
                  | for the Orb.
     0 | D:1      | Reached XP level 1. HP: 14/14 MP: 5/5
   237 | D:2      | Reached XP level 2. HP: 11/20 MP: 6/6
   360 | D:1      | Reached XP level 3. HP: 22/26 MP: 5/8
   447 | D:2      | Reached skill level 4 in Earth Magic
   492 | D:2      | Learned a level 2 spell: Passwall
   496 | D:2      | Learned a level 3 spell: Stone Arrow
   580 | D:4      | Noticed a phantom
   589 | D:3      | Reached skill level 1 in Short Blades
   589 | D:3      | Reached XP level 4. HP: 23/33 MP: 4/9
   655 | D:4      | Noticed an ogre
   678 | D:4      | Slain by an orc

Illustrated notes

Levels and vault maps discovered:
D:1:      dpeg_arrival_water_fire, layout_basic, interstate_on_off
D:2:      layout_basic
D:3:      minmay_general_purpose_star, layout_loops_cross,
          hellmonk_ecumenical_altar_slurped_away, uniq_sigmund, uniq_robin,
          uniq_terence
D:4:      layout_gridville

Skill      XL: |  1  2  3 |
---------------+----------+-----
Spellcasting   | 3 |  3.2
Earth Magic    | 4 |  4.0
Dodging        | 3 |  3.0
Transmutations | 2 |  2.0
Short Blades   | 1 |  1.0
Stealth        | |  1.4
Conjurations   | |  0.2

Action                     |  1- 3 |  4- 6 || total
---------------------------+-------+-------++-------
  Melee: Unarmed           |     8 |       ||     8
         Short sword       |    21 |    11 ||    32
         Punch             |     1 |       ||     1
   Cast: Sandblast         |    19 |     2 ||    21
    Use: Scroll            |     3 |     1 ||     4
 Armour: Leather armour    |     5 |     3 ||     8
  Dodge: Dodged            |    14 |     9 ||    23

Table legend: (Time is in decaauts)
 A = Elapsed time spent in this place.
 B = Non-inter-level travel time spent in this place.
 C = Inter-level travel time spent in this place.
 D = Time resting spent in this place.
 E = Time spent auto-exploring this place.
 F = Levels seen in this place.
 G = Mean time per level.
                   A        B        C        D        E       F      G
               +--------+--------+--------+--------+--------+-----+--------+
         Total |    687 |    687 |      0 |     10 |      0 |   4 |  171.8 |
       Dungeon |    687 |    687 |      0 |     10 |      0 |   4 |  171.8 |
               +--------+--------+--------+--------+--------+-----+--------+

Top non-repeatable levels by time:
     D:2: 310 daAuts
     D:1: 234 daAuts
     D:4: 73 daAuts
     D:3: 68 daAuts
